BR (22 & UNDER)
ROY EAGLE SQUADRON @ MONROE MALLARDS
08/10/2030
 
TOP OF THE 1ST
Roy Eagle Squadron batting - Pitching for Monroe Mallards : RHP Jason Moody
Pitching: RHP Jason Moody
Batting: LHB Octávio Otero 0-0: Ball
1-0: Ball
2-0: Ball
3-0: Base on Balls
Batting: RHB Juan Bruno 0-0: Ball
1-0: Swinging Strike
1-1: Fly out, F8 (Flyball, 78M)
Batting: LHB Pedro Camacho 0-0: Reached on error, E1 (Groundball, P)
Octávio Otero to second
Batting: LHB Quinn Webb 0-0: Called Strike
0-1: Fly out, F7 (Flyball, 7S)
Batting: LHB Robinson González 0-0: Ball
1-0: Called Strike
1-1: SINGLE (Line Drive, 34)
Octávio Otero to third
Pedro Camacho to second
Batting: LHB Manfredi Pérez 0-0: Called Strike
0-1: Ball
1-1: Foul Ball, location: 2F
1-2: Ball
2-2: Foul Ball, location: 2F
2-2: SINGLE (Flyball, 9S)
Octávio Otero scores
Pedro Camacho to third
Robinson González to second
Runner from 3rd tries for Home, SAFE, throw made home
Batting: SHB Dwight Hill 0-0: Called Strike
0-1: Swinging Strike
0-2: SINGLE (Groundball, 34D)
Robinson González to third
Manfredi Pérez to second
Runner from 3rd tries for Home, SAFE, no throw
Batting: SHB Troy Holland 0-0: Ball
1-0: Foul Ball, location: 2F
1-1: Swinging Strike
1-2: SINGLE (Line Drive, 9S)
Manfredi Pérez to third
Dwight Hill to second
Runner from 3rd tries for Home, SAFE, no throw
Batting: RHB Cal Cox 0-0: Called Strike
0-1: Ball
1-1: Ball
2-1: Called Strike
2-2: Fielders Choice at 2nd, 6-4 (Groundball, 56)
Top of the 1st over - 4 runs, 4 hits, 1 error, 2 left on base; Roy 4 - Monroe 0
BOTTOM OF THE 1ST
Monroe Mallards batting - Pitching for Roy Eagle Squadron : RHP Jorge Arellano
Pitching: RHP Jorge Arellano
Batting: RHB Anselmo Espinoza 0-0: Called Strike
0-1: Fly out, F7 (Flyball, 78S)
Batting: SHB Jerry Vaughn 0-0: Called Strike
0-1: Ball
1-1: Foul Ball, location: 2F
1-2: Strikes out swinging
Batting: RHB Rafael Rivera 0-0: Called Strike
0-1: Swinging Strike
0-2: Ball
1-2: Foul Ball, location: 2F
1-2: SINGLE (Groundball, 4MD)
Batting: LHB José Trindade 0-0: Called Strike
0-1: Ball
Rafael Rivera steals 2nd base
1-1: Ball
2-1: Fly out, F8 (Flyball, 8LD)
Bottom of the 1st over - 0 runs, 1 hit, 0 errors, 1 left on base; Roy 4 - Monroe 0
TOP OF THE 2ND
Roy Eagle Squadron batting - Pitching for Monroe Mallards : RHP Jason Moody
Batting: LHB Octávio Otero 0-0: Ball
1-0: Ball
2-0: Ball
3-0: Called Strike
3-1: Swinging Strike
3-2: Strikes out looking
Batting: RHB Juan Bruno 0-0: Called Strike
0-1: Fly out, F3 (Popup, 3)
Batting: LHB Pedro Camacho 0-0: Ground out U3 (Groundball, 3)
Top of the 2nd over - 0 runs, 0 hits, 0 errors, 0 left on base; Roy 4 - Monroe 0
BOTTOM OF THE 2ND
Monroe Mallards batting - Pitching for Roy Eagle Squadron : RHP Jorge Arellano
Batting: RHB David Leslie 0-0: Ball
1-0: Called Strike
1-1: Foul Ball, location: 2F
1-2: Ball
2-2: Ball
3-2: Strikes out swinging
Batting: RHB Anthony O'Bryan 0-0: Called Strike
0-1: Ball
1-1: Ball
2-1: Ball
3-1: Base on Balls
Batting: RHB Jorge Vázquez 0-0: Ball
Wild Pitch!
Anthony O'Bryan to second
1-0: Foul Ball, location: 2F
1-1: Foul Ball, location: 2F
1-2: Ball
2-2: Strikes out swinging
Batting: RHB Benito Bo 0-0: SINGLE (Groundball, 6MS) (infield hit)
Anthony O'Bryan to third
Batting: RHB Jarrett Marshall 0-0: Called Strike
Benito Bo steals 2nd base
0-1: Ball
1-1: Swinging Strike
1-2: Ball
2-2: Strikes out swinging
Bottom of the 2nd over - 0 runs, 1 hit, 0 errors, 2 left on base; Roy 4 - Monroe 0
TOP OF THE 3RD
Roy Eagle Squadron batting - Pitching for Monroe Mallards : RHP Jason Moody
Batting: LHB Quinn Webb 0-0: Called Strike
0-1: Ball
1-1: Ball
2-1: Ground out 1-3 (Groundball, 13)
Batting: LHB Robinson González 0-0: Called Strike
0-1: Fly out, F9 (Line Drive, 9)
Batting: LHB Manfredi Pérez 0-0: Ball
1-0: Ball
2-0: Ground out 6-3 (Groundball, 6)
Top of the 3rd over - 0 runs, 0 hits, 0 errors, 0 left on base; Roy 4 - Monroe 0
BOTTOM OF THE 3RD
Monroe Mallards batting - Pitching for Roy Eagle Squadron : RHP Jorge Arellano
Batting: RHB Anselmo Espinoza 0-0: Called Strike
0-1: Ground out 6-3 (Groundball, 6MD)
Batting: SHB Jerry Vaughn 0-0: Ball
1-0: Called Strike
1-1: Ground out U3 (Groundball, 34)
Batting: RHB Rafael Rivera 0-0: Ball
1-0: Swinging Strike
1-1: Swinging Strike
1-2: Strikes out looking
Bottom of the 3rd over - 0 runs, 0 hits, 0 errors, 0 left on base; Roy 4 - Monroe 0
TOP OF THE 4TH
Roy Eagle Squadron batting - Pitching for Monroe Mallards : RHP Jason Moody
Batting: SHB Dwight Hill 0-0: Foul Ball, location: 2F
0-1: Ball
1-1: Called Strike
1-2: Strikes out swinging, 2-3 out at first.
Batting: SHB Troy Holland 0-0: Ball
1-0: Called Strike
1-1: Ball
2-1: Ball
3-1: Base on Balls
Batting: RHB Cal Cox 0-0: Ball
1-0: Called Strike
1-1: Ball
2-1: Ball
Troy Holland steals 2nd base
3-1: Swinging Strike
3-2: SINGLE (Line Drive, 56)
Troy Holland to third
Runner from 3rd tries for Home, SAFE, throw made home
Batting: LHB Octávio Otero 0-0: Fly out, F8 (Flyball, 78M)
Batting: RHB Juan Bruno 0-0: Ball
1-0: Ground out 3-1 (Groundball, 3)
Top of the 4th over - 1 run, 1 hit, 0 errors, 1 left on base; Roy 5 - Monroe 0
BOTTOM OF THE 4TH
Monroe Mallards batting - Pitching for Roy Eagle Squadron : RHP Jorge Arellano
Batting: LHB José Trindade 0-0: Swinging Strike
0-1: Fly out, F8 (Flyball, 8LS)
Batting: RHB David Leslie 0-0: Ball
1-0: SOLO HOME RUN (Flyball, 7LD), Distance : 347 ft
Batting: RHB Anthony O'Bryan 0-0: Ball
1-0: Ball
2-0: Fly out, F9 (Flyball, 89S)
Batting: RHB Jorge Vázquez 0-0: Ball
1-0: Ground out 6-3 (Groundball, 6)
Bottom of the 4th over - 1 run, 1 hit, 0 errors, 0 left on base; Roy 5 - Monroe 1
TOP OF THE 5TH
Roy Eagle Squadron batting - Pitching for Monroe Mallards : RHP Jason Moody
Batting: LHB Pedro Camacho 0-0: Ball
1-0: Ball
2-0: Ball
3-0: Called Strike
3-1: Ground out 4-3 (Groundball, 4)
Batting: LHB Quinn Webb 0-0: Ball
1-0: DOUBLE (Line Drive, 89XD)
Pitching: RHP De-wei Er
Batting: LHB Robinson González 0-0: Foul Ball, location: 2F
0-1: Swinging Strike
0-2: Strikes out swinging
Batting: LHB Manfredi Pérez 0-0: Ball
1-0: Ground out 1-3 (Groundball, 13)
Top of the 5th over - 0 runs, 1 hit, 0 errors, 1 left on base; Roy 5 - Monroe 1
BOTTOM OF THE 5TH
Monroe Mallards batting - Pitching for Roy Eagle Squadron : RHP Jorge Arellano
Batting: RHB Benito Bo 0-0: Ball
1-0: Foul Ball, location: 2F
1-1: Foul Ball, location: 2F
1-2: Hit by Pitch
Batting: RHB Jarrett Marshall 0-0: Ball
1-0: Called Strike
Benito Bo steals 2nd base
1-1: Called Strike
1-2: Ball
2-2: Ball
3-2: Foul Ball, location: 2F
3-2: Foul Ball, location: 2F
3-2: Strikes out looking
Batting: RHB Anselmo Espinoza 0-0: Ball
1-0: Swinging Strike
1-1: Swinging Strike
1-2: Ball
2-2: Ball
3-2: Foul Ball, location: 2F
3-2: Strikes out looking
Batting: SHB Jerry Vaughn 0-0: Foul Ball, location: 2F
0-1: Foul Ball, location: 2F
0-2: Ball
1-2: Strikes out swinging
Bottom of the 5th over - 0 runs, 0 hits, 0 errors, 1 left on base; Roy 5 - Monroe 1
TOP OF THE 6TH
Roy Eagle Squadron batting - Pitching for Monroe Mallards : RHP De-wei Er
Batting: SHB Dwight Hill 0-0: Ground out 6-3 (Groundball, 6)
Batting: SHB Troy Holland 0-0: Fly out, F5 (Popup, 25)
Batting: RHB Cal Cox 0-0: Ball
1-0: Swinging Strike
1-1: SINGLE (Groundball, 56D)
Batting: LHB Octávio Otero 0-0: Ball
1-0: Ball
Cal Cox steals 2nd base
2-0: Called Strike
2-1: Ball
3-1: Foul Ball, location: 2F
3-2: Base on Balls
Batting: RHB Juan Bruno 0-0: SINGLE (Line Drive, 78S)
Cal Cox to third
Octávio Otero to second
Runner from 3rd tries for Home, SAFE, no throw
Batting: LHB Pedro Camacho 0-0: Ball
1-0: Swinging Strike
1-1: Ball
2-1: Ground out 4-3 (Groundball, 4)
Top of the 6th over - 1 run, 2 hits, 0 errors, 2 left on base; Roy 6 - Monroe 1
BOTTOM OF THE 6TH
Monroe Mallards batting - Pitching for Roy Eagle Squadron : RHP Jorge Arellano
Batting: RHB Rafael Rivera 0-0: Hit by Pitch
Pinch Runner at 1st Bill Gallagher:
Batting: LHB José Trindade 0-0: Foul Ball, location: 2F
0-1: Fly out, F2 (Popup, 2RF)
Pitching: LHP Dong-po Lok
Batting: RHB David Leslie 0-0: Called Strike
0-1: Called Strike
0-2: Ball
1-2: Fly out, F8 (Flyball, 8LD)
Batting: RHB Anthony O'Bryan 0-0: Called Strike
Bill Gallagher steals 2nd base
0-1: Called Strike
0-2: Foul Ball, location: 2F
0-2: Ball
1-2: Ball
2-2: Ball
3-2: Fly out, F6 (Line Drive, 6MD)
Bottom of the 6th over - 0 runs, 0 hits, 0 errors, 1 left on base; Roy 6 - Monroe 1
TOP OF THE 7TH
Roy Eagle Squadron batting - Pitching for Monroe Mallards : RHP De-wei Er
Now in CF: Bill Gallagher
Batting: LHB Quinn Webb 0-0: Fly out, F7 (Flyball, 7LS)
Batting: LHB Robinson González 0-0: Ball
1-0: Fly out, F3 (Popup, 3SF)
Batting: LHB Manfredi Pérez 0-0: Ball
1-0: Ball
2-0: Called Strike
2-1: Ball
3-1: SINGLE (Line Drive, 56D)
Batting: SHB Dwight Hill 0-0: Called Strike
0-1: Called Strike
0-2: Ball
1-2: Strikes out swinging
Top of the 7th over - 0 runs, 1 hit, 0 errors, 1 left on base; Roy 6 - Monroe 1
BOTTOM OF THE 7TH
Monroe Mallards batting - Pitching for Roy Eagle Squadron : LHP Dong-po Lok
Batting: RHB Jorge Vázquez 0-0: Ball
1-0: Fly out, F8 (Flyball, 8RM)
Batting: RHB Benito Bo 0-0: Ball
1-0: Swinging Strike
1-1: Ball
2-1: Foul Ball, location: 2F
2-2: Ball
3-2: Foul Ball, location: 2F
3-2: Foul Ball, location: 2F
3-2: Strikes out swinging
Batting: RHB Jarrett Marshall 0-0: SINGLE (Line Drive, 56)
Batting: RHB Anselmo Espinoza 0-0: Ball
1-0: Ball
2-0: Called Strike
2-1: Foul Ball, location: 2F
2-2: Ball
3-2: Foul Ball, location: 2F
3-2: Strikes out swinging
Bottom of the 7th over - 0 runs, 1 hit, 0 errors, 1 left on base; Roy 6 - Monroe 1
TOP OF THE 8TH
Roy Eagle Squadron batting - Pitching for Monroe Mallards : RHP De-wei Er
Batting: SHB Troy Holland 0-0: Ball
1-0: Ground out 4-3 (Groundball, 4)
Batting: RHB Cal Cox 0-0: Ball
1-0: Ball
2-0: Called Strike
2-1: Ground out U3 (Groundball, 34S)
Batting: LHB Octávio Otero 0-0: Foul Ball, location: 2F
0-1: Ball
1-1: Foul Ball, location: 2F
1-2: Ground out 5-3 (Groundball, 56)
Top of the 8th over - 0 runs, 0 hits, 0 errors, 0 left on base; Roy 6 - Monroe 1
BOTTOM OF THE 8TH
Monroe Mallards batting - Pitching for Roy Eagle Squadron : LHP Dong-po Lok
Now at 3B: Ryan Campbell
Batting: SHB Jerry Vaughn 0-0: Foul Ball, location: 2F
0-1: Foul Ball, location: 2F
0-2: Ball
1-2: Foul Ball, location: 2F
1-2: Foul Ball, location: 2F
1-2: Strikes out swinging
Batting: RHB Bill Gallagher 0-0: Called Strike
0-1: Called Strike
0-2: Fly out, F8 (Flyball, 8RM)
Batting: LHB José Trindade 0-0: Ball
1-0: Ball
2-0: Ball
3-0: Called Strike
3-1: Ground out 5-3 (Groundball, 5D)
Bottom of the 8th over - 0 runs, 0 hits, 0 errors, 0 left on base; Roy 6 - Monroe 1
TOP OF THE 9TH
Roy Eagle Squadron batting - Pitching for Monroe Mallards : RHP De-wei Er
Batting: RHB Juan Bruno 0-0: Ball
1-0: Foul Ball, location: 2F
1-1: Ball
2-1: Foul Ball, location: 2F
2-2: SINGLE (Flyball, 7LS)
Batting: LHB Pedro Camacho 0-0: Ball
1-0: Ball
2-0: DOUBLE (Groundball, 3L)
Juan Bruno to third
Runner from 3rd tries for Home, SAFE, throw made at trailing runner, OUT at third!
Pitching: RHP Mike Morgan
Batting: LHB Quinn Webb 0-0: Ball
1-0: Ball
2-0: Ball
3-0: Called Strike
3-1: Foul Ball, location: 2F
3-2: Foul Ball, location: 2F
3-2: Ground out 1-3 (Groundball, 13S)
Batting: LHB Robinson González 0-0: Called Strike
0-1: Called Strike
0-2: Ball
1-2: Strikes out swinging
Top of the 9th over - 1 run, 2 hits, 0 errors, 0 left on base; Roy 7 - Monroe 1
BOTTOM OF THE 9TH
Monroe Mallards batting - Pitching for Roy Eagle Squadron : LHP Dong-po Lok
Batting: RHB David Leslie 0-0: Called Strike
0-1: Ball
1-1: SINGLE (Line Drive, 78M)
Pitching: LHP Guonçallo Caldas
Batting: RHB Anthony O'Bryan 0-0: Called Strike
0-1: Fly out, F8 (Line Drive, 8LM)
Batting: RHB Jorge Vázquez 0-0: Called Strike
0-1: Fielders Choice at 2nd, 5-4 (Groundball, 56)
Batting: RHB Benito Bo 0-0: Ball
1-0: Ball
2-0: Foul Ball, location: 2F
2-1: DOUBLE (Line Drive, 7LM)
Jorge Vázquez to third
Batting: RHB Jarrett Marshall 0-0: Ball
1-0: Swinging Strike
1-1: Ball
2-1: Swinging Strike
2-2: Strikes out swinging
Bottom of the 9th over - 0 runs, 2 hits, 0 errors, 2 left on base; Roy 7 - Monroe 1
Saturday, April 7th, 2018 - OOTP Baseball 18.8 Build 76